[Event "45th FIDE Olympiad 2024"]
[Site "Budapest"]
[Date "2024.09.19"]
[Round "8.166"]
[White "Baasansuren, Erdene"]
[Black "Mendez Machado, Andre"]
[Result "1-0"]
[WhiteElo "2368"]
[BlackElo "2122"]
[PlyCount "103"]
[EventDate "2024.09.05"]
[EventType "team-tourn"]
[EventCountry "HUN"]
[WhiteTeam "Mongolia"]
[BlackTeam "Panama"]
[WhiteTeamCountry "MGL"]
[BlackTeamCountry "PAN"]
[TimeControl "40/5400+30:1800+30"]

1. Nf3 Nf6 2. c4 e6 3. b3 d5 4. Bb2 Be7 5. g3 O-O 6. Bg2 b6 7. O-O Bb7 8. e3 dxc4 9. bxc4 c5 10. Nc3 Nbd7 11. Qe2 Rc8 12. Rad1 Qc7 13. Nh4 Ne8 14. f4 Bxh4 15. gxh4 Bxg2 16. Qxg2 Qd8 17. Nb5 Nb8 18. Nxa7 Rc7 19. Nb5 Rd7 20. h5 Qh4 21. Be5 Na6 22. Qc6 Qd8 23. Bc3 Nb8 24. Qg2 Qh4 25. Qg5 Qh3 26. f5 exf5 27. Qxf5 Qxf5 28. Rxf5 Nc7 29. h6 g6 30. Rf6 Ne6 31. d4 cxd4 32. exd4 Rc8 33. d5 Rxc4 34. Rd2 Ng5 35. Re2 Rc8 36. Nd6 Rcd8 37. h4 Nh3+ 38. Kh2 Nf4 39. Rxf4 Rxd6 40. Rfe4 Rf8 41. Bb4 Rdd8 42. Bxf8 Kxf8 43. Rc2 Na6 44. Rc6 Nc5 45. Re3 Nd7 46. Kg3 Ra8 47. a3 Rb8 48. h5 Ra8 49. Rd6 Ra7 50. hxg6 hxg6 51. Kg2 Rc7 52. Rc6 1-0

[Event "45th FIDE Olympiad 2024"]
[Site "Budapest"]
[Date "2024.09.19"]
[Round "8.167"]
[White "Baules Rodriguez, Jorge Luis"]
[Black "Amilal, Munkhdalai"]
[Result "0-1"]
[WhiteElo "2271"]
[BlackElo "2374"]
[PlyCount "72"]
[EventDate "2024.09.05"]
[EventType "team-tourn"]
[EventCountry "HUN"]
[WhiteTeam "Panama"]
[BlackTeam "Mongolia"]
[WhiteTeamCountry "PAN"]
[BlackTeamCountry "MGL"]
[TimeControl "40/5400+30:1800+30"]

1. e4 c5 2. Nf3 Nc6 3. d4 cxd4 4. Nxd4 Qc7 5. Nc3 e6 6. Be2 a6 7. Be3 b5 8. f4 Bb7 9. a3 Na5 10. O-O Nc4 11. Bxc4 Qxc4 12. Qd2 Nf6 13. e5 Ng4 14. Rad1 Qc7 15. f5 Qxe5 16. Bf4 Qc5 17. b4 Qb6 18. Qe2 Nf6 19. fxe6 fxe6 20. Be3 Qc7 21. Rxf6 gxf6 22. Qh5+ Ke7 23. Nxe6 Qxc3 24. Rxd7+ Kxd7 25. Qf7+ Be7 26. Nc5+ Kd8 27. Nxb7+ Kc8 28. Qe6+ Kxb7 29. Qb6+ Kc8 30. Qe6+ Kd8 31. Qd5+ Ke8 32. Qh5+ Kd7 33. Qh3+ f5 34. Qxf5+ Kc7 35. Bf4+ Bd6 36. Qf7+ Kc6 {0-} 0-1

[Event "45th FIDE Olympiad 2024"]
[Site "Budapest"]
[Date "2024.09.19"]
[Round "8.168"]
[White "Itgelt, Khuyagtsogt"]
[Black "Schnell, Sebastian Narayana"]
[Result "1-0"]
[WhiteElo "2412"]
[BlackElo "2059"]
[PlyCount "51"]
[EventDate "2024.09.05"]
[EventType "team-tourn"]
[EventCountry "HUN"]
[WhiteTeam "Mongolia"]
[BlackTeam "Panama"]
[WhiteTeamCountry "MGL"]
[BlackTeamCountry "PAN"]
[TimeControl "40/5400+30:1800+30"]

1. d4 Nf6 2. c4 g6 3. g3 Bg7 4. Bg2 d6 5. Nf3 O-O 6. O-O Nbd7 7. Qc2 e5 8. Rd1 Qe7 9. Nc3 c6 10. e4 exd4 11. Nxd4 a5 12. h3 h6 13. Bf4 Ne5 14. b3 Nh7 15. Be3 Qf6 16. f4 Nd7 17. Rd2 g5 18. Rf1 gxf4 19. gxf4 Nc5 20. Nce2 Qg6 21. Kh2 Re8 22. Ng3 Nf6 23. Rg1 Nh5 24. Bf3 Nxg3 25. Rxg3 Qf6 26. Rdg2 1-0

[Event "45th FIDE Olympiad 2024"]
[Site "Budapest"]
[Date "2024.09.19"]
[Round "8.169"]
[White "Gascon Del Nogal, Jose Rafael"]
[Black "Tan, Jun Ying"]
[Result "1/2-1/2"]
[WhiteElo "2454"]
[BlackElo "2322"]
[PlyCount "72"]
[EventDate "2024.09.05"]
[EventType "team-tourn"]
[EventCountry "HUN"]
[WhiteTeam "Venezuela"]
[BlackTeam "Malaysia"]
[WhiteTeamCountry "VEN"]
[BlackTeamCountry "MAS"]
[TimeControl "40/5400+30:1800+30"]

1. d4 Nf6 2. c4 c5 3. Nf3 cxd4 4. Nxd4 e5 5. Nb5 d5 6. cxd5 Bc5 7. N5c3 O-O 8. g3 Qb6 9. e3 Bf5 10. Bg2 e4 11. O-O Nbd7 12. Nd2 Rfe8 13. b3 h5 14. Bb2 h4 15. Na4 Qd8 16. Nxc5 Nxc5 17. Bd4 h3 18. Bh1 Qe7 19. f3 Bg6 20. fxe4 Ncxe4 21. Nxe4 Nxe4 22. Qg4 Rad8 23. Rf4 Nc3 24. Rc1 Nxd5 25. Re4 Qf8 26. Rxe8 Qxe8 27. Bxd5 Rxd5 28. Rc8 Rd8 29. Rxd8 Qxd8 30. Qxh3 Qc7 31. Qg4 Qc1+ 32. Kf2 Qc2+ 33. Qe2 Qf5+ 34. Qf3 Qc2+ 35. Qe2 Qf5+ 36. Qf3 Qc2+ 1/2-1/2

[Event "45th FIDE Olympiad 2024"]
[Site "Budapest"]
[Date "2024.09.19"]
[Round "8.170"]
[White "Ang, Ern Jie Anderson"]
[Black "Ynojosa Aponte, Felix Jose"]
[Result "1/2-1/2"]
[WhiteElo "2132"]
[BlackElo "2398"]
[PlyCount "193"]
[EventDate "2024.09.05"]
[EventType "team-tourn"]
[EventCountry "HUN"]
[WhiteTeam "Malaysia"]
[BlackTeam "Venezuela"]
[WhiteTeamCountry "MAS"]
[BlackTeamCountry "VEN"]
[TimeControl "40/5400+30:1800+30"]

1. d4 Nf6 2. c4 e6 3. g3 c5 4. d5 exd5 5. cxd5 b5 6. e4 Nxe4 7. Bg2 Nd6 8. Bf4 Be7 9. Nf3 O-O 10. O-O Bb7 11. Re1 b4 12. Nbd2 Nc8 13. Ne5 d6 14. Nc6 Qd7 15. Ne4 Bd8 16. Nxb8 Rxb8 17. Nxc5 Qb5 18. Rc1 Bb6 19. Bf1 Qxc5 20. Rxc5 Bxc5 21. Qg4 f5 22. Qd1 Nb6 23. Bg2 Bc8 24. h4 Bd7 25. h5 h6 26. Bh3 Rbe8 27. Bg2 Rxe1+ 28. Qxe1 Re8 29. Qf1 Na4 30. Qa6 Re1+ 31. Bf1 Nb6 32. Kg2 Be8 33. Be2 Bf7 34. Bf3 Rb1 35. Qxa7 Rxb2 36. Qb8+ Kh7 37. Qf8 Bg8 38. Qxf5+ Kh8 39. Bxh6 Rxf2+ 40. Kh3 Bd4 41. Qg4 Be5 42. Be3 Rxf3 43. Qxf3 Nxd5 44. Bd2 Nf6 45. Bxb4 Bxa2 46. Qa8+ Bg8 47. Qf8 Kh7 48. Bxd6 Be6+ 49. Kg2 Bd5+ 50. Kg1 Bxd6 51. Qxd6 Bf7 52. h6 Kxh6 53. Qf4+ Kg6 54. Kf2 Be6 55. Ke2 Bf5 56. Qh4 Bg4+ 57. Ke3 Bf5 58. Kd4 Bg4 59. Ke5 Bf5 60. Qc4 Bd7 61. Kd6 Bf5 62. Ke7 Be4 63. Kf8 Nh7+ 64. Ke8 Nf6+ 65. Ke7 Bd5 66. Qd4 Be4 67. Kf8 Bd5 68. Qd3+ Be4 69. Qa6 Bf5 70. Qa7 Nh5 71. Kg8 Kg5 72. Qe7+ Kh6 73. Kh8 Kg6 74. Qf8 Kg5 75. Qd8+ Kg6 76. Qe7 Bg4 77. Qe8+ Kg5 78. Qd8+ Kg6 79. Kg8 Nf6+ 80. Kf8 Nh7+ 81. Ke7 Nf6 82. Qa5 Nh5 83. Qa4 Nf6 84. Qc4 Bf5 85. Qf7+ Kh7 86. Qc4 Kg6 87. Kf8 Nd7+ 88. Kg8 Nf6+ 89. Kh8 Bg4 90. Qc7 Nh5 91. Qa7 Bf5 92. Qb6+ Kg5 93. Kg8 Kg4 94. Qd6 g6 95. Kf7 Nxg3 96. Qxg6+ Bxg6+ 97. Kxg6 1/2-1/2

[Event "45th FIDE Olympiad 2024"]
[Site "Budapest"]
[Date "2024.09.19"]
[Round "8.171"]
[White "Castro Torres, Jose Luis"]
[Black "Kavin, Mohan"]
[Result "1-0"]
[WhiteElo "2299"]
[BlackElo "1997"]
[PlyCount "101"]
[EventDate "2024.09.05"]
[EventType "team-tourn"]
[EventCountry "HUN"]
[WhiteTeam "Venezuela"]
[BlackTeam "Malaysia"]
[WhiteTeamCountry "VEN"]
[BlackTeamCountry "MAS"]
[TimeControl "40/5400+30:1800+30"]

1. e4 e6 2. d4 d5 3. Nd2 c5 4. exd5 Qxd5 5. Ngf3 cxd4 6. Bc4 Qd6 7. O-O Nf6 8. Nb3 Nc6 9. Nbxd4 Nxd4 10. Nxd4 Be7 11. b3 a6 12. a4 O-O 13. Bb2 Qf4 14. Nf3 Rd8 15. Qe2 Bd7 16. Ne5 Be8 17. Rad1 Qe4 18. Qxe4 Nxe4 19. Bd3 Nc5 20. Ba3 Kf8 21. Bxc5 Bxc5 22. Be4 Rxd1 23. Rxd1 Rb8 24. Nd7+ Bxd7 25. Rxd7 b6 26. Kf1 a5 27. Ke2 g6 28. f4 h5 29. g3 Bb4 30. Bd3 Kg7 31. Bc4 Rc8 32. Kd3 Kf6 33. c3 Bc5 34. Ba6 Ra8 35. Bb7 Rb8 36. Kc4 Bg1 37. h3 Rg8 38. h4 Bf2 39. Kb5 Bxg3 40. Kxb6 Bxh4 41. c4 g5 42. Kxa5 gxf4 43. c5 Be1+ 44. b4 Rg5 45. Kb5 Rg3 46. Rd1 Bc3 47. a5 Be5 48. a6 Ra3 49. Kb6 Bb8 50. Rd8 f3 51. Bxf3 1-0

[Event "45th FIDE Olympiad 2024"]
[Site "Budapest"]
[Date "2024.09.19"]
[Round "8.172"]
[White "Azhar, Muhd Syakir Shazmeer"]
[Black "Jaramillo Lopez, Ali Aaron"]
[Result "1/2-1/2"]
[WhiteElo "2086"]
[BlackElo "2258"]
[PlyCount "88"]
[EventDate "2024.09.05"]
[EventType "team-tourn"]
[EventCountry "HUN"]
[WhiteTeam "Malaysia"]
[BlackTeam "Venezuela"]
[WhiteTeamCountry "MAS"]
[BlackTeamCountry "VEN"]
[TimeControl "40/5400+30:1800+30"]

1. e4 c5 2. Nf3 Nc6 3. d4 cxd4 4. Nxd4 Nf6 5. Nc3 d6 6. Bg5 e6 7. Qd2 a6 8. O-O-O Bd7 9. f4 Be7 10. Nf3 b5 11. Bxf6 gxf6 12. f5 Qb6 13. Kb1 O-O-O 14. Bd3 Kb8 15. Rhf1 Bc8 16. Ne2 d5 17. exd5 Rxd5 18. Qh6 Nb4 19. Be4 Rxd1+ 20. Rxd1 exf5 21. Bxf5 Qc7 22. Bd3 Be6 23. a3 Nxd3 24. cxd3 b4 25. axb4 Bxb4 26. Qxf6 Rc8 27. Rc1 Qa5 28. Qe5+ Qxe5 29. Nxe5 Bd6 30. Rxc8+ Kxc8 31. Nf3 Bd5 32. h3 Kd7 33. Kc2 a5 34. Nc3 Bb7 35. Ne4 Be7 36. Kc3 f5 37. Ng3 Bf6+ 38. d4 Ke6 39. Ne2 Kd5 40. Ng3 Ke6 41. Nh5 Be7 42. Ne5 Kd5 43. g4 fxg4 44. hxg4 Ba6 1/2-1/2

[Event "45th FIDE Olympiad 2024"]
[Site "Budapest"]
[Date "2024.09.19"]
[Round "8.173"]
[White "Saraci, Nderim"]
[Black "Barbaria, Yacine"]
[Result "1-0"]
[WhiteElo "2446"]
[BlackElo "2179"]
[PlyCount "121"]
[EventDate "2024.09.05"]
[EventType "team-tourn"]
[EventCountry "HUN"]
[WhiteTeam "Kosovo *"]
[BlackTeam "Tunisia"]
[BlackTeamCountry "TUN"]
[TimeControl "40/5400+30:1800+30"]

1. Nf3 d5 2. g3 Nf6 3. Bg2 Bg4 4. h3 Bf5 5. d3 Nbd7 6. O-O e5 7. Nc3 h6 8. Nxd5 Nxd5 9. e4 Bxe4 10. dxe4 N5f6 11. Qe2 Bc5 12. Bd2 Qe7 13. Rad1 Qe6 14. a3 Nb6 15. Bc1 O-O 16. Ne1 Rfe8 17. Nd3 Bf8 18. Rde1 Rad8 19. f4 Nfd7 20. Kh2 c5 21. h4 c4 22. Nxe5 Nxe5 23. Bh3 Qc6 24. fxe5 Rxe5 25. Bf4 Ree8 26. e5 c3 27. b4 Nd5 28. Bc1 a5 29. bxa5 Qc7 30. Qf3 Rxe5 31. Rxe5 Qxe5 32. Qxf7+ Kh8 33. Qf5 Qxf5 34. Bxf5 Nf6 35. Kh3 Rd5 36. g4 Be7 37. Re1 Bd8 38. Bd3 Bxa5 39. g5 Ng8 40. Kg4 Rd4+ 41. Kh3 Bd8 42. Re8 Be7 43. Rb8 h5 44. Rxb7 Rg4 45. Be2 Re4 46. Bxh5 Re1 47. Bf4 Bxa3 48. Bf7 Re7 49. Rxe7 Nxe7 50. h5 Kh7 51. Kg4 Bb4 52. g6+ Kh8 53. h6 Ng8 54. hxg7+ Kxg7 55. Bxg8 Kxg8 56. Be5 Kf8 57. Kf5 Ke7 58. Bf6+ Ke8 59. Ke6 Kf8 60. Kd5 Ba5 61. Kc4 1-0

[Event "45th FIDE Olympiad 2024"]
[Site "Budapest"]
[Date "2024.09.19"]
[Round "8.174"]
[White "Ben Ammar, Mohamed"]
[Black "Ondozi, Murtez"]
[Result "1-0"]
[WhiteElo "2143"]
[BlackElo "2371"]
[PlyCount "239"]
[EventDate "2024.09.05"]
[EventType "team-tourn"]
[EventCountry "HUN"]
[WhiteTeam "Tunisia"]
[BlackTeam "Kosovo *"]
[WhiteTeamCountry "TUN"]
[TimeControl "40/5400+30:1800+30"]

1. d4 d5 2. Nf3 Bf5 3. c4 e6 4. Nc3 c6 5. Qb3 Qb6 6. c5 Qc7 7. Bf4 Qc8 8. e3 h6 9. Be2 Nf6 10. h3 Nbd7 11. Bh2 Be7 12. O-O b6 13. cxb6 axb6 14. Rfc1 O-O 15. Nb5 Qb7 16. Bd6 Bxd6 17. Nxd6 Qc7 18. Nxf5 exf5 19. Qc2 c5 20. Qxf5 c4 21. b3 b5 22. a4 Qa5 23. Rab1 bxa4 24. bxc4 a3 25. c5 a2 26. Ra1 Rfb8 27. c6 Nf8 28. Ne5 Ra7 29. Qc2 Ne6 30. Bd3 Qa3 31. Bf5 Rb2 32. Qd1 Nc7 33. Nd3 Rb5 34. Nc5 Rb2 35. Bd3 Qa5 36. Qf3 Qd2 37. Rd1 Qb4 38. Qf5 Ra8 39. Nd7 Qd6 40. Ne5 Kf8 41. e4 g6 42. Qf4 Kg7 43. Qxh6+ Kxh6 44. Nxf7+ Kg7 45. Nxd6 dxe4 46. Nxe4 Nfd5 47. Rd2 Rxd2 48. Nxd2 Nb4 49. Bc4 Kf6 50. Ne4+ Ke7 51. Nc3 Ra3 52. Nxa2 Kd6 53. Bf7 g5 54. Rb1 Nxc6 55. Nb4 Ne7 56. Nc2 Rd3 57. Ne3 Rxd4 58. Rd1 Rxd1+ 59. Nxd1 Nb5 60. Ne3 Ke5 61. g3 Nd4 62. Kg2 Kf6 63. Bc4 Ng6 64. Bd3 Ne5 65. Be4 Nd7 66. Ng4+ Ke6 67. Bb1 Nc5 68. Nh2 Kf6 69. Nf3 Nb5 70. h4 gxh4 71. Nxh4 Nc3 72. Bc2 Nd5 73. Nf3 Nb4 74. Bd1 Ne4 75. Be2 Nc3 76. Bc4 Nc6 77. Nd2 Nd4 78. Bd3 Kg7 79. Ne4 Nd5 80. Nd6 Ne7 81. f4 Nd5 82. Be4 Ne3+ 83. Kh3 Kf6 84. Bd3 Ne6 85. Ne4+ Ke7 86. Nf2 Nd5 87. Kg4 Nd4 88. Nd1 Nf6+ 89. Kh3 Nb3 90. Ne3 Nc5 91. Bf5 Ne8 92. g4 Nd6 93. g5 Kf8 94. Kg4 Nb3 95. Bd3 Nc5 96. Bc2 Ne6 97. f5 Nd4 98. Bd3 Nf7 99. Nc4 Ke7 100. Be4 Nxf5 101. Kxf5 Nxg5 102. Kxg5 Kf7 103. Bf5 Kg7 104. Ne5 Kh8 105. Kf6 Kg8 106. Nf7 Kf8 107. Bh7 Ke8 108. Ne5 Kd8 109. Ke6 Kc7 110. Nd7 Kc6 111. Bd3 Kc7 112. Bb5 Kd8 113. Kd6 Ke8 114. Bc4 Kd8 115. Nc5 Ke8 116. Nd7 Kd8 117. Bf7 Kc8 118. Nc5 Kb8 119. Be6 Ka7 120. Kc7 1-0

[Event "45th FIDE Olympiad 2024"]
[Site "Budapest"]
[Date "2024.09.19"]
[Round "8.175"]
[White "Uruci, Endrit"]
[Black "Meftahi, Houssem"]
[Result "0-1"]
[WhiteElo "2348"]
[BlackElo "2112"]
[PlyCount "58"]
[EventDate "2024.09.05"]
[EventType "team-tourn"]
[EventCountry "HUN"]
[WhiteTeam "Kosovo *"]
[BlackTeam "Tunisia"]
[BlackTeamCountry "TUN"]
[TimeControl "40/5400+30:1800+30"]

1. d4 d5 2. c4 e6 3. Nf3 c6 4. g3 dxc4 5. Bg2 b5 6. O-O Bb7 7. Nc3 a6 8. a4 Nd7 9. e4 Bb4 10. d5 Ngf6 11. dxe6 fxe6 12. e5 Nd5 13. Nd4 Qe7 14. Ne4 Nxe5 15. Qh5+ Nf7 16. Bh3 g6 17. Qe2 O-O 18. Bxe6 Kh8 19. Bh3 Rae8 20. f3 Nd6 21. Ne6 Bc8 22. N4g5 Nc7 23. Bd2 Bxd2 24. Qxd2 Nxe6 25. Bxe6 Bxe6 26. Rfe1 Qd7 27. Rad1 Bd5 28. Ne4 Nxe4 29. fxe4 Qa7+ {0-} 0-1

[Event "45th FIDE Olympiad 2024"]
[Site "Budapest"]
[Date "2024.09.19"]
[Round "8.176"]
[White "Amdouni, Zoubaier"]
[Black "Fejzullahu, Afrim"]
[Result "1-0"]
[WhiteElo "2151"]
[BlackElo "2221"]
[PlyCount "57"]
[EventDate "2024.09.05"]
[EventType "team-tourn"]
[EventCountry "HUN"]
[WhiteTeam "Tunisia"]
[BlackTeam "Kosovo *"]
[WhiteTeamCountry "TUN"]
[TimeControl "40/5400+30:1800+30"]

1. e4 c5 2. Nc3 e6 3. f4 Nc6 4. Nf3 Qc7 5. g3 d6 6. Bg2 g6 7. d4 cxd4 8. Nxd4 a6 9. Nxc6 bxc6 10. b3 Bg7 11. Bb2 Qa5 12. Qd2 Ne7 13. O-O-O d5 14. Kb1 f6 15. exd5 cxd5 16. Rhe1 Kf7 17. Ne4 Qxd2 18. Nd6+ Kg8 19. Rxd2 Bd7 20. c4 Rf8 21. cxd5 e5 22. Nc4 Bf5+ 23. Ka1 e4 24. Bxe4 Rd8 25. d6 Nc8 26. Bxf5 gxf5 27. d7 Na7 28. Re8+ Kf7 29. Nd6+ 1-0

[Event "45th FIDE Olympiad 2024"]
[Site "Budapest"]
[Date "2024.09.19"]
[Round "8.177"]
[White "Al-Ali, Hussein Ali Hussein"]
[Black "Duran Vega, Sergio"]
[Result "1/2-1/2"]
[WhiteElo "2122"]
[BlackElo "2308"]
[PlyCount "158"]
[EventDate "2024.09.05"]
[EventType "team-tourn"]
[EventCountry "HUN"]
[WhiteTeam "Iraq"]
[BlackTeam "Costa Rica"]
[WhiteTeamCountry "IRQ"]
[BlackTeamCountry "CRI"]
[TimeControl "40/5400+30:1800+30"]

1. e4 c5 2. Nf3 Nc6 3. Bb5 g6 4. O-O Bg7 5. Re1 Nf6 6. c3 O-O 7. h3 e5 8. d3 d6 9. Nbd2 a6 10. Bxc6 bxc6 11. Nc4 Re8 12. Qa4 Qc7 13. Qa5 Qxa5 14. Nxa5 Bd7 15. Nc4 Bf8 16. Bg5 Kg7 17. Nb6 Ra7 18. Nxd7 Nxd7 19. Rad1 Rb8 20. Bc1 a5 21. d4 cxd4 22. cxd4 a4 23. Re2 Ra6 24. dxe5 Nxe5 25. Nxe5 dxe5 26. Rc2 Rb4 27. f3 Rd4 28. Rxd4 exd4 29. Kf1 c5 30. Ke2 f5 31. Kd3 fxe4+ 32. fxe4 Rf6 33. Ke2 Re6 34. Kd3 Rf6 35. Ke2 Kf7 36. Rc4 Ra6 37. Kd3 Ke6 38. Rc2 Ke5 39. g3 Be7 40. Bf4+ Ke6 41. g4 Ra8 42. Bg3 Ra7 43. Rc4 Bf8 44. Rc2 Rb7 45. Rf2 Be7 46. Rc2 Bf8 47. Rf2 Bh6 48. Rc2 Be3 49. Rxc5 Rxb2 50. Rc6+ Kd7 51. Rc7+ Kd8 52. Rc2 Rb1 53. Ke2 Rh1 54. h4 Rg1 55. Be5 Rxg4 56. Kd3 Kd7 57. Rh2 Bg1 58. Rh1 Rg2 59. a3 Ke6 60. Bxd4 Rg3+ 61. Kc4 Bxd4 62. Kxd4 Rxa3 63. Rc1 Rh3 64. Rc6+ Kf7 65. Ke5 Rxh4 66. Rc7+ Kf8 67. Ra7 Rh1 68. Rxa4 Kg7 69. Ra7+ Kh6 70. Ke6 g5 71. e5 Kg6 72. Ra8 h5 73. Rg8+ Kh6 74. Kf5 Rf1+ 75. Ke4 Re1+ 76. Kf5 Rf1+ 77. Ke4 Re1+ 78. Kf5 Rf1+ 79. Ke4 Rf7 1/2-1/2

[Event "45th FIDE Olympiad 2024"]
[Site "Budapest"]
[Date "2024.09.19"]
[Round "8.178"]
[White "Valdes Romero, Leonardo"]
[Black "Mohammed, Zozek Salah Mohammed"]
[Result "1/2-1/2"]
[WhiteElo "2347"]
[BlackElo "2180"]
[PlyCount "108"]
[EventDate "2024.09.05"]
[EventType "team-tourn"]
[EventCountry "HUN"]
[WhiteTeam "Costa Rica"]
[BlackTeam "Iraq"]
[WhiteTeamCountry "CRI"]
[BlackTeamCountry "IRQ"]
[TimeControl "40/5400+30:1800+30"]

1. Nf3 d5 2. g3 Nf6 3. Bg2 c6 4. d4 Bf5 5. O-O Nbd7 6. c4 e6 7. Qb3 Qb6 8. c5 Qxb3 9. axb3 h6 10. b4 a6 11. Nc3 Rc8 12. Nd2 g5 13. f3 Bg7 14. e4 Bg6 15. Nb3 O-O 16. Re1 Rfd8 17. e5 Nh7 18. Na5 Rc7 19. Be3 Re8 20. Bf1 Nb8 21. h4 Rd7 22. Rad1 Bf8 23. hxg5 hxg5 24. Rd2 Bf5 25. Rh2 Kg7 26. f4 Be7 27. Be2 gxf4 28. gxf4 Nf8 29. Kf2 Ng6 30. Rg1 Rh8 31. Rxh8 Kxh8 32. Bg4 Bxg4 33. Rxg4 b6 34. Nb3 Rb7 35. Na2 a5 36. Rg1 axb4 37. cxb6 Rxb6 38. Nac1 Ra6 39. Nd3 Nh4 40. Bd2 Nf5 41. Ke2 Ra2 42. Rb1 Ra4 43. Rg1 Ra2 44. Rb1 Ra4 45. Rg1 Nd7 46. Rc1 Ra6 47. Kd1 Kg7 48. Kc2 Ra4 49. Kb1 Ra6 50. Kc2 Ra4 51. Kb1 Ra6 52. Kc2 Ra4 53. Kb1 Ra6 54. Kc2 Ra4 1/2-1/2

[Event "45th FIDE Olympiad 2024"]
[Site "Budapest"]
[Date "2024.09.19"]
[Round "8.179"]
[White "Salih, Akar Ali Salih"]
[Black "Jimenez Garcia, Emmanuel"]
[Result "1/2-1/2"]
[WhiteElo "2174"]
[BlackElo "2352"]
[PlyCount "114"]
[EventDate "2024.09.05"]
[EventType "team-tourn"]
[EventCountry "HUN"]
[WhiteTeam "Iraq"]
[BlackTeam "Costa Rica"]
[WhiteTeamCountry "IRQ"]
[BlackTeamCountry "CRI"]
[TimeControl "40/5400+30:1800+30"]

1. e4 e6 2. d4 d5 3. Nc3 Nf6 4. Bg5 Bb4 5. e5 h6 6. Be3 Ne4 7. Qg4 Kf8 8. Nge2 c5 9. dxc5 Nc6 10. O-O-O Nxc3 11. Nxc3 Qa5 12. Bd2 d4 13. Nb1 Qxc5 14. f4 Bd7 15. a3 Bxd2+ 16. Nxd2 Rc8 17. Bd3 b5 18. Ne4 Qd5 19. Nd6 Rb8 20. Qh5 Nd8 21. Rhf1 b4 22. axb4 Rxb4 23. Qh4 Qa5 24. b3 Rb8 25. Qe1 Qc5 26. f5 Rxb3 27. Kd2 Qa5+ 28. Ke2 Qxe5+ 29. Kf2 Qxe1+ 30. Rfxe1 Rc3 31. fxe6 Nxe6 32. Ra1 Rc7 33. Ra5 Ke7 34. Nf5+ Kf6 35. Rd5 Rb8 36. Nxd4 Nxd4 37. Rxd4 Be6 38. Ra1 Rbb7 39. Rf4+ Ke5 40. Ra5+ Kd6 41. Rd4+ Ke7 42. Be4 Rd7 43. Bxb7 Rxd4 44. Bc6 Rd2+ 45. Ke3 Rxc2 46. Rxa7+ Kf6 47. Be4 Rb2 48. Ra5 g5 49. h3 h5 50. h4 Rb3+ 51. Kf2 g4 52. g3 Kg7 53. Rxh5 f5 54. Bg2 Rb2+ 55. Kg1 Kf6 56. Rh8 Kg7 57. Rd8 Rb1+ 1/2-1/2

[Event "45th FIDE Olympiad 2024"]
[Site "Budapest"]
[Date "2024.09.19"]
[Round "8.180"]
[White "Cabezas Solano, David Alejandro"]
[Black "Alothman, Ali Layth Ahmed"]
[Result "1-0"]
[WhiteElo "2248"]
[BlackElo "2161"]
[PlyCount "209"]
[EventDate "2024.09.05"]
[EventType "team-tourn"]
[EventCountry "HUN"]
[WhiteTeam "Costa Rica"]
[BlackTeam "Iraq"]
[WhiteTeamCountry "CRI"]
[BlackTeamCountry "IRQ"]
[TimeControl "40/5400+30:1800+30"]

1. d4 Nf6 2. c4 e6 3. Nf3 d5 4. g3 Bb4+ 5. Bd2 a5 6. Qc2 O-O 7. Bg2 c5 8. cxd5 cxd4 9. Nxd4 Qb6 10. e3 exd5 11. O-O Nc6 12. Nxc6 bxc6 13. Rc1 Bd7 14. Nc3 Rab8 15. Na4 Qa7 16. b3 Ba3 17. Re1 Rfe8 18. Bc3 Ne4 19. Bd4 c5 20. Bxe4 dxe4 21. Nxc5 Qc7 22. Qd1 Bc8 23. Na4 Qc6 24. Bb2 Bxb2 25. Nxb2 Qg6 26. Nc4 Bg4 27. Qd6 Qh5 28. h4 Rb5 29. Rac1 h6 30. Qc6 Rc8 31. Qxe4 Bf3 32. Qf4 Rf5 33. Qd4 Rd5 34. Qf4 g5 35. Qf6 Qg4 36. Ne5 Rxe5 37. Rxc8+ Qxc8 38. Qxf3 gxh4 39. gxh4 Re6 40. Kh1 Qd8 41. Rg1+ Kf8 42. Rg4 Qd3 43. Kh2 Qc3 44. Qa8+ Ke7 45. Qa7+ Kf8 46. Rf4 Rf6 47. Qb8+ Kg7 48. Rg4+ Rg6 49. Rxg6+ fxg6 50. Qa7+ Kg8 51. Qd4 Qe1 52. Kg2 h5 53. a3 Kh7 54. b4 axb4 55. axb4 Qe2 56. Qf4 Qb5 57. Qf7+ Kh6 58. Qf8+ Kh7 59. Qe7+ Kg8 60. e4 Qe2 61. Qd8+ Kh7 62. Qc7+ Kg8 63. Qc8+ Kh7 64. Qe6 Kh6 65. Kg3 Qf1 66. Qf6 Qg1+ 67. Kf3 Qh1+ 68. Kf4 Qc1+ 69. Ke5 Qc3+ 70. Ke6 Qc6+ 71. Kf7 Qc4+ 72. Qe6 Qc7+ 73. Qe7 Qc4+ 74. Kf6 Qd4+ 75. Qe5 Qxf2+ 76. Ke6 Kh7 77. Qf6 Qb6+ 78. Kf7 Qc7+ 79. Qe7 Qc3 80. e5 Qf3+ 81. Ke8+ Kg8 82. Qe6+ Kg7 83. Qe7+ Kg8 84. b5 Qa8+ 85. Qd8 Qb7 86. Qd7 Qb8+ 87. Ke7 Qf8+ 88. Ke6 Qf5+ 89. Kd6 Qd3+ 90. Kc7 Qc3+ 91. Kb7 Qf3+ 92. Kb8 Qf2 93. e6 Qf4+ 94. Kb7 Qe4+ 95. Qc6 Qxh4 96. Qe8+ Kg7 97. Qd7+ Kh6 98. e7 Qe4+ 99. Ka7 Qe3+ 100. b6 Qa3+ 101. Kb8 Qg3+ 102. Kc8 Qc3+ 103. Kd8 Qh8+ 104. e8=Q Qf6+ 105. Kc7 1-0

[Event "45th FIDE Olympiad 2024"]
[Site "Budapest"]
[Date "2024.09.19"]
[Round "8.181"]
[White "Kozusek, Daniel"]
[Black "Birhanu, Tegegn Mehadem"]
[Result "1-0"]
[WhiteElo "2367"]
[BlackElo "2077"]
[PlyCount "49"]
[EventDate "2024.09.05"]
[EventType "team-tourn"]
[EventCountry "HUN"]
[WhiteTeam "Wales"]
[BlackTeam "Ethiopia"]
[WhiteTeamCountry "WLS"]
[BlackTeamCountry "ETH"]
[TimeControl "40/5400+30:1800+30"]

1. d4 Nf6 2. Bf4 g6 3. Nc3 Bg7 4. e4 d6 5. Qd2 c6 6. Bh6 O-O 7. O-O-O b5 8. f3 Qa5 9. h4 Rd8 10. h5 b4 11. Nb1 Nxh5 12. Bxg7 Kxg7 13. g4 Nf6 14. Qh6+ Kg8 15. Ne2 Nbd7 16. g5 Nh5 17. Ng3 Nf8 18. Rxh5 gxh5 19. Nxh5 Ne6 20. d5 f6 21. Bh3 Kf7 22. dxe6+ Bxe6 23. Qxh7+ Kf8 24. Bxe6 Qxg5+ 25. f4 1-0

[Event "45th FIDE Olympiad 2024"]
[Site "Budapest"]
[Date "2024.09.19"]
[Round "8.182"]
[White "Tsige, Addisalem Temesgen"]
[Black "Toczek, Grzegorz"]
[Result "0-1"]
[WhiteElo "2068"]
[BlackElo "2301"]
[PlyCount "88"]
[EventDate "2024.09.05"]
[EventType "team-tourn"]
[EventCountry "HUN"]
[WhiteTeam "Ethiopia"]
[BlackTeam "Wales"]
[WhiteTeamCountry "ETH"]
[BlackTeamCountry "WLS"]
[TimeControl "40/5400+30:1800+30"]

1. d4 f5 2. Bf4 Nf6 3. e3 e6 4. c4 d6 5. Nc3 g6 6. h4 h6 7. Bd3 Bg7 8. Qf3 O-O 9. Nge2 e5 10. dxe5 dxe5 11. Bxe5 Qxd3 12. Nf4 Qxc4 13. Nxg6 Re8 14. h5 Nc6 15. Rh4 Nxe5 16. Rxc4 Nxf3+ 17. gxf3 c6 18. O-O-O Be6 19. Rh4 Nd5 20. Ne2 Rad8 21. Rg1 Kf7 22. a3 Bf6 23. Rh2 Ne7 24. Rhg2 Nxg6 25. hxg6+ Kg8 26. g7 Rd7 27. Rg6 Rxg7 28. Nf4 Rxg6 29. Rxg6+ Kf7 30. Rxh6 Rh8 31. Rg6 Rh2 32. Rg2 Rh1+ 33. Kc2 Ba2 34. Ne2 Bd5 35. Ng1 a5 36. b4 axb4 37. axb4 Rh4 38. b5 Rc4+ 39. Kd3 cxb5 40. Rh2 Ra4 41. e4 Ra3+ 42. Kd2 fxe4 43. Rh5 Rd3+ 44. Kc2 Bb3+ {0-} 0-1

[Event "45th FIDE Olympiad 2024"]
[Site "Budapest"]
[Date "2024.09.19"]
[Round "8.183"]
[White "Blackburn, Jonathan L B"]
[Black "Kebede, Yoseph Kifle"]
[Result "1-0"]
[WhiteElo "2202"]
[BlackElo "2037"]
[PlyCount "105"]
[EventDate "2024.09.05"]
[EventType "team-tourn"]
[EventCountry "HUN"]
[WhiteTeam "Wales"]
[BlackTeam "Ethiopia"]
[WhiteTeamCountry "WLS"]
[BlackTeamCountry "ETH"]
[TimeControl "40/5400+30:1800+30"]

1. d4 d5 2. c4 e6 3. Nc3 a6 4. cxd5 exd5 5. Qb3 Nc6 6. Nf3 Nf6 7. Bg5 Bb4 8. e3 h6 9. Bxf6 Qxf6 10. Qxd5 Be6 11. Qe4 O-O-O 12. Qc2 g5 13. Be2 g4 14. Nd2 Bf5 15. Nde4 Qg6 16. f3 Rhe8 17. Bd3 Kb8 18. O-O-O h5 19. Rhe1 Qh6 20. f4 Bxc3 21. bxc3 h4 22. Nc5 Bxd3 23. Qxd3 Qd6 24. Qb1 Na5 25. Qb4 Qb6 26. Kc2 Qxb4 27. cxb4 Nc4 28. e4 b6 29. Nb3 f5 30. e5 Rd5 31. a4 Re6 32. Rc1 Kc8 33. Kb1 Rc6 34. Ka2 Kd7 35. Re2 b5 36. Nc5+ Ke7 37. axb5 axb5 38. Rd1 Rg6 39. Kb3 g3 40. h3 Rg8 41. Ra2 Rgd8 42. Kc3 Ne3 43. Rd3 Rxc5+ 44. dxc5 Rxd3+ 45. Kxd3 Nd5 46. Rd2 Ke6 47. Ke2 Nxf4+ 48. Kf3 Nd5 49. Rxd5 Kxd5 50. Kf4 Ke6 51. c6 Ke7 52. Kxf5 Kf7 53. Kg5 1-0